AoeStats
← MoncusJBAJ

Black Forest

509987347Analyzed
3v3 RM · 3d ago on Sep 28, 2026· 55m 38s· 6 players
Game mode
Random Map
Map size
Normal (6 player)
Population
200
Speed
Normal
Resources
Standard
Victory
Conquest
Starting age
Dark Age
Ending age
Imperial Age
RankedLock teamsTeams togetherTeam positionsShared explorationLock speedFull tech treeHidden civsTurbo modeCheats
Victory
Defeat
🇦🇷 Chinese · Argentina
765
+12
🇦🇷 Bohemians · Argentina
734
+14
🇺🇸 Franks · United States
729
+14
🇮🇹 Goths · Italy
718
-14
🇺🇸 Turks · United States
691
-23
🇮🇹 Persians · Italy
640
-12
xSmokePotx
15:43 Feudal Age
17:52 Double-Bit Axe
18:03 Gold Mining
18:04 Stone Mining
21:43 Castle Age
20:26 Wheelbarrow
22:02 Castle Age
24:24 Husbandry
24:34 Bloodlines
25:24 Hand Cart
27:52 Fortified Wall
27:44 Guard Tower
31:31 Gold Shaft Mining
31:28 Bow Saw
32:09 Scale Barding Armor
32:20 Fletching
32:31 Padded Archer Armor
35:18 Imperial Age
33:39 Bodkin Arrow
36:20 Arrowslits
37:16 Keep
37:27 Bombard Tower
38:53 Two-Man Saw
41:02 Crossbowman
41:51 Thumb Ring
42:00 Thumb Ring
47:38 Loom
buscaleroy
2:13 Loom
12:05 Feudal Age
17:06 Double-Bit Axe
17:03 Horse Collar
20:36 Gold Mining
25:04 Castle Age
23:53 Scale Barding Armor
24:08 Fletching
24:22 Padded Archer Armor
25:56 Heavy Plow
26:10 Bow Saw
26:08 Husbandry
29:06 Wheelbarrow
30:12 Hand Cart
31:43 Elite Skirmisher
33:33 Gold Shaft Mining
32:51 Stone Mining
34:28 Town Watch
35:42 Forging
38:19 Imperial Age
35:54 Town Patrol
37:10 Stone Shaft Mining
39:07 Iron Casting
39:13 Citadels
39:08 Kamandaran
39:47 Crop Rotation
40:23 Two-Man Saw
39:49 Ballistics
40:37 Heavy Camel Rider
41:11 Crossbowman
43:58 Cavalier
55:01 Thumb Ring
56:03 Blast Furnace
54:58 Bodkin Arrow
55:18 Leather Archer Armor
55:24 Chain Barding Armor
marcobusca96
1:07 Loom
14:20 Feudal Age
15:32 Double-Bit Axe
15:33 Horse Collar
16:06 Fishing Lines
19:51 Wheelbarrow
19:19 Gold Mining
19:20 Stone Mining
25:27 Castle Age
23:48 Forging
23:39 Scale Mail Armor
26:24 Chain Mail Armor
26:45 Iron Casting
26:03 Gillnets
26:47 Caravan
27:27 Stone Shaft Mining
26:58 Heavy Plow
27:24 Bow Saw
31:32 Hand Cart
35:11 Anarchy
34:41 Pikeman
35:24 Squires
34:49 Man-at-Arms
38:17 Imperial Age
36:25 Town Watch
38:20 Treadmill Crane
38:51 Masonry
38:36 Murder Holes
39:04 Perfusion
39:25 Conscription
38:27 Elite Huskarl
39:36 Town Patrol
40:46 Blast Furnace
40:53 Two-Man Saw
40:26 Crop Rotation
41:26 Architecture
41:11 Clinker Construction
46:20 Halberdier
MoncusJBAJ
3:46 Loom
12:40 Feudal Age
19:51 Castle Age
18:45 Fishing Lines
19:38 Scale Barding Armor
19:22 Double-Bit Axe
24:36 Forging
25:01 Gold Mining
25:27 Bow Saw
26:15 Fishing Lines
28:47 Caravan
31:06 Iron Casting
30:38 Gillnets
30:14 Pikeman
36:26 Imperial Age
35:40 Wheelbarrow
35:32 Scale Mail Armor
35:53 Chain Barding Armor
37:43 Chain Mail Armor
36:51 Halberdier
38:26 Onager
39:16 Cavalier
39:59 Husbandry
41:06 Paladin
42:54 Theocracy
42:35 Block Printing
43:31 Blast Furnace
43:02 Plate Mail Armor
42:40 Squires
42:56 Murder Holes
43:22 Ballistics
42:44 Treadmill Crane
50:54 Plate Barding Armor
53:08 Ordonnance Companies
53:48 Chivalry
54:09 Conscription
54:25 Hoardings
53:35 Light Cavalry
53:43 Elite Throwing Axeman
ValenBernal6407
0:29 Loom
17:30 Feudal Age
18:09 Gold Mining
18:01 Horse Collar
18:13 Double-Bit Axe
20:32 Stone Mining
23:19 Castle Age
27:33 Wheelbarrow
27:38 Caravan
28:19 Fishing Lines
29:42 Bow Saw
34:28 Imperial Age
33:04 Hand Cart
33:12 Gillnets
34:48 Padded Archer Armor
34:39 Fletching
35:39 Gold Shaft Mining
36:45 Murder Holes
37:12 Ballistics
36:43 Heated Shot
37:40 Thumb Ring
38:21 Town Watch
38:49 Heavy Plow
38:15 Elite Skirmisher
38:55 Bodkin Arrow
41:09 Two-Man Saw
40:11 Town Patrol
40:42 Conscription
41:50 Chemistry
42:08 Scale Mail Armor
42:18 Forging
42:59 Masonry
42:25 Pikeman
43:06 Squires
43:26 Halberdier
43:53 Arson
46:08 Chain Mail Armor
46:28 Iron Casting
46:09 Leather Archer Armor
45:54 Bracer
46:56 Elite Chu Ko Nu
49:00 Plate Mail Armor
50:32 Fortified Wall
50:53 Architecture
50:45 Bombard Tower
51:27 Blast Furnace
50:58 Ring Archer Armor
52:37 Heavy Rocket Cart
56:15 Sanctity
55:56 Devotion
56:22 Illumination
56:14 Block Printing
56:46 Theocracy
MatiasBernal758
0:32 Loom
18:14 Feudal Age
19:16 Double-Bit Axe
19:14 Horse Collar
22:29 Castle Age
23:40 Bow Saw
23:43 Town Watch
41:48 Imperial Age
39:01 Pikeman
39:41 Squires
39:27 Arson
41:03 Chemistry
41:21 Heavy Plow
42:23 Wheelbarrow
42:00 Halberdier
42:56 Arson
44:30 Two-Man Saw
44:50 Hand Cart
44:35 Town Patrol
45:10 Town Patrol
46:25 Caravan
47:06 Fervor
49:14 Bombard Tower
51:18 Scale Barding Armor
51:13 Scale Mail Armor
51:13 Padded Archer Armor
51:04 Fletching
51:24 Forging
Connection lost

Rejoining the realm…

Still unreachable

The connection could not be restored.

Session expired

The server has moved on; the page needs a fresh start.